 Dungeon Crawl Stone Soup version 0.31-a0-95-g6fa058ef04 (webtiles) character file.

Game seed: 12628197667405256693

766 Firecrotchwizard the Chopper (level 7, 0/62 HPs)
             Began as a Hill Orc Fighter on May 25, 2023.
             Was an Initiate of Makhleb.
             Succumbed to a hornet's poison
             ... on level 5 of the Dungeon.
             The game lasted 00:09:50 (3598 turns).

Firecrotchwizard the Chopper (Hill Orc Fighter)     Turns: 3598, Time: 00:09:51

Health: 0/62       AC: 13    Str: 21    XL:     7   Next: 82%
Magic:  7/7        EV:  6    Int:  8    God:    Makhleb [......]
Gold:   105        SH:  5    Dex: 10    Spells: 6/6 levels left

rFire   . . .        y - +3 flail (heavy)
rCold   . . .        c - +0 buckler
rNeg    . . .        l - +0 plate armour
rPois   .            x - +0 helmet
rElec   .            (no cloak)
rCorr   .            (no gloves)
SInv    .            (no boots)
Will    .....        (no amulet) Stlth
                     (no ring)
HPRegen 0.30/turn    (no ring)
MPRegen 0.10/turn

%: no passive effects
@: lethally poisoned (0 -> -1), slowed, very slow
A: no striking features
a: Renounce Religion


You were on level 5 of the Dungeon.
You worshipped Makhleb.
Makhleb was noncommittal.
You visited 2 branches of the dungeon, and saw 6 of its levels.

You collected 185 gold pieces.
You spent 80 gold pieces at shops.

Inventory:

Hand Weapons
 a - a +0 war axe
 o - a +2 spear of flaming
 y - a +3 heavy flail (weapon)
Missiles
 n - 3 poisoned darts (quivered)
 t - 3 throwing nets {@!f}
Armour
 b - a +0 scale mail
 c - a +0 buckler (worn)
 l - a +0 plate armour (worn)
 x - a +0 helmet (worn)
Jewellery
 q - a ring of wizardry
 v - a ring of see invisible
Wands
 u - a wand of mindburst (23)
Scrolls
 f - 2 scrolls of teleportation {unknown}
 g - 2 scrolls of vulnerability {unknown}
 i - 2 scrolls of fear {unknown}
 j - 2 scrolls of enchant weapon {unknown}
 k - a scroll of magic mapping {unknown}
 m - a scroll of acquirement {unknown}
Potions
 d - a potion of might
 e - a potion of magic {unknown}
 h - a potion of ambrosia {unknown}
 p - 2 potions of haste {unknown}
 r - a potion of heal wounds
 s - a potion of curing
 w - a potion of brilliance {unknown}
 z - a potion of cancellation {unknown}


   Skills:
 + Level 5.7 Fighting
 * Level 7.5 Axes
 + Level 5.2 Armour
 + Level 5.2 Shields


You had 6 spell levels left.
You didn't know any spells.
Your spell library contained the following spells:

 Spells                   Type           Power      Damage    Failure   Level
 Ice Form                 Ice/Tmut       0%         N/A       100%        4
 Yara's Violent Unravell  Hex/Tmut       0%         3d3       100%        5
 Necromutation            Tmut/Necr      0%         N/A       100%        8


Dungeon Overview and Level Annotations

Branches:
Dungeon (5/15)             Temple (1/1) D:4

Altars:
Ashenzari
Dithmenos
Fedhas
Gozag
Hepliaklqana
Kikubaaqudgha
Makhleb
Nemelex Xobeh
Okawaru
Sif Muna
Trog
Uskayaw
Vehumet
Wu Jian
Xom
Zin
The Shining One

Shops:
D:3 !

Annotations:
D:4 1 runed translucent door, Crazy Yiuf


Message History

Makhleb accepts your kill.
The gnoll hits you from afar with a +0 halberd. x2
The white imp hits you but does no damage.
You completely miss the white imp. The white imp gestures at you.
The puff of frost hits you but does no damage.
The gnoll closely misses you. The gnoll barely misses you.
The white imp gestures at you.
The puff of frost hits you but does no damage.
You sock the white imp!
You kill the white imp!
Makhleb accepts your kill. The gnoll barely misses you.
You block the gnoll's attack.
A gnoll comes into view. It is wielding a +0 club.
The gnoll shouts!
The gnoll hits you but does no damage.
Things that are here:
a +0 club; a +0 flail; an orc corpse You hit the gnoll but do no damage.
The gnoll completely misses you.
You barely miss the gnoll. The gnoll hits you but does no damage.
You barely miss the gnoll. The gnoll hits you with a +0 halberd!
* * * LOW HITPOINT WARNING * * *
The gnoll barely misses you. The gnoll hits you with a +0 halberd.
* * * LOW HITPOINT WARNING * * *
You block the gnoll's attack.
You bludgeon the gnoll!!
You kill the gnoll!
Makhleb accepts your kill. The gnoll hits you but does no damage.
The gnoll barely misses you. The gnoll hits you but does no damage.
You see here a +0 halberd.
You hit the gnoll but do no damage. The gnoll hits you with a +0 club.
* * * LOW HITPOINT WARNING * * *
The gnoll hits you but does no damage.
You barely miss the gnoll. The gnoll barely misses you.
You block the gnoll's attack.
You barely miss the gnoll. You block the gnoll's attack.
Unknown command.
You thump the gnoll!
You kill the gnoll!
Makhleb accepts your kill.
Things that are here:
a +0 club; a gnoll corpse Unknown command.
Things that are here:
a +0 club; a +0 flail; an orc corpse
Items here: )))) [[[.
You start resting.
HP restored.
Items here: )))) [[[.
Things that are here:
a +0 club; a +0 flail; an orc corpse
Things that are here:
a +0 club; a gnoll corpse
Found a stone staircase leading down.
Found a trident.
Found a stone staircase leading up.
Found a stone staircase leading up.
A hornet comes into view.
The hornet buzzes angrily.
The hornet stings you.
You are poisoned.
You feel yourself slow down.
You sock the hornet!
The hornet is moderately wounded.
You feel yourself speed up.
You feel very sick.
You block the hornet's attack. x2; The hornet stings you.
You are more poisoned.
You suddenly lose the ability to move!
The hornet stings you!
You feel yourself slow down.
You can move again.
You miss the hornet.
The hornet is moderately wounded.
You feel extremely sick. You block the hornet's attack. The hornet stings you.
You shrug off the repeated paralysis!
The hornet stings you!
* * * LOW HITPOINT WARNING * * *
You feel as though you will be slow longer.
The hornet stings you.
* * * LOW HITPOINT WARNING * * *
You feel as though you will be slow longer.
You barely miss the hornet.
The hornet is moderately wounded.
You feel very sick.
The hornet stings you but does no damage. x4
Unknown command.
You closely miss the hornet.
The hornet is moderately wounded.
You feel very sick. The hornet stings you!
* * * LOW HITPOINT WARNING * * *
You feel as though you will be slow longer.
The hornet stings you.
* * * LOW HITPOINT WARNING * * *
You feel as though you will be slow longer.
The hornet barely misses you. The hornet closely misses you.
You sock the hornet!
The hornet is severely wounded.
You die...

#. #. #.###########
........<...
..:......###.######
#.#.#.>...##.#.....
##.###.#.......)#.#.####
......y@........#.#.#
##..##.#........#.#.#
#.#.#.....##.#)#
..#.##....##.#)#
####..........))#
#..............#####
...........#.##.......
..##########.###.##### .
..# #.#


You could see a hornet.

Vanquished Creatures
  Sigmund (D:5)
  Duvessa (D:5)
  An ogre (D:4)
  Dowan (D:5)
  Jessica (D:3)
  Ijyb (D:4)
  An iguana (D:3)
  2 orc wizards (D:5)
  Robin (D:4)
  4 adders
  10 gnolls
  A white imp (D:5)
  An ufetubus (D:2)
  A worm (D:2)
  2 dart slugs (D:4)
  9 orcs
  5 bats
  5 endoplasms
  4 giant cockroaches
  11 goblins
  10 hobgoblins
  4 jackals (D:1)
  2 quokkas
  7 ball pythons
  2 frilled lizards (D:1)
  7 kobolds
  9 rats
104 creatures vanquished.

Notes
Turn   | Place    | Note
-------+----------+-------------------------------------------
     0 | D:1      | Firecrotchwizard the Hill Orc Fighter began the quest for
                  | the Orb.
     0 | D:1      | Reached XP level 1. HP: 19/19 MP: 1/1
    23 | D:1      | Reached skill level 3 in Axes
    24 | D:1      | Reached XP level 2. HP: 16/27 MP: 2/2
   681 | D:1      | Reached XP level 3. HP: 29/33 MP: 3/3
  1233 | D:2      | Reached skill level 4 in Axes
  1280 | D:2      | Reached XP level 4. HP: 40/40 MP: 4/4
  1402 | D:3      | Reached XP level 5. HP: 31/47 MP: 5/5
  1469 | D:3      | Found a blossoming altar of Fedhas.
  1783 | D:3      | Noticed Jessica
  1793 | D:3      | Killed Jessica
  1794 | D:3      | Reached skill level 5 in Axes
  1800 | D:3      | Found Ipuloypt's Distillery.
  1805 | D:3      | Bought a potion of heal wounds for 50 gold pieces
  1805 | D:3      | Bought a potion of curing for 30 gold pieces
  1936 | D:3      | Got the Parchment of Orthodoxy
  2228 | D:4      | Found a staircase to the Ecumenical Temple.
  2287 | D:4      | Noticed Robin
  2308 | D:4      | Killed Robin
  2434 | D:4      | Noticed Ijyb
  2437 | D:4      | Killed Ijyb
  2438 | D:4      | Reached XP level 6. HP: 53/53 MP: 6/6
  2495 | D:4      | Reached skill level 6 in Axes
  2526 | D:4      | Reached skill level 5 in Fighting
  2879 | D:4      | Found a runed translucent door.
  2880 | D:4      | Noticed Crazy Yiuf
  2956 | D:4      | Found a hazy altar of Hepliaklqana.
  3050 | Temple   | Entered the Ecumenical Temple
  3173 | Temple   | Became a worshipper of Makhleb the Destroyer
  3234 | D:5      | Entered Level 5 of the Dungeon
  3293 | D:5      | Noticed Sigmund
  3306 | D:5      | Killed Sigmund
  3307 | D:5      | Reached XP level 7. HP: 48/61 MP: 7/7
  3415 | D:5      | Noticed Duvessa
  3416 | D:5      | Noticed Dowan
  3431 | D:5      | Killed Duvessa
  3432 | D:5      | Reached skill level 7 in Axes
  3432 | D:5      | Reached skill level 5 in Armour
  3432 | D:5      | Reached skill level 5 in Shields
  3436 | D:5      | Killed Dowan
  3591 | D:5      | Noticed a hornet
  3594 | D:5      | Paralysed by a hornet for 1 turns
  3597 | D:5      | HP: 1/62 [hornet (3)]
  3598 | D:5      | Succumbed to a hornet's poison

Illustrated notes

Levels and vault maps discovered:
D:1:      erik_arrival_blinker_ship, layout_basic, chequers_hall_statues_wall_a
D:2:      layout_loops_ring, minmay_misc_feat_more_columns, minmay_pentomino_p4
D:3:      minmay_skewed_foursquare, layout_loops_ring,
          mainiacjoe_overflow_alcove_1, serial_shops, shop,
          grunt_decor_one_mirror, kennysheep_crisscross,
          kennysheep_decorative_pillar, uniq_jessica
D:4:      layout_loops_ring, nicolae_hepliaklqana_hippocampus,
          minmay_temple_entry_sparse_star, uniq_crazy_yiuf_cottage, uniq_ijyb,
          uniq_robin
D:5:      layout_loops_ring, chei_slow_surprise, uniq_duvessa, uniq_sigmund
Temple:   regret_index_temple_waves

Skill      XL: |  1  2  3  4  5  6  7 |
---------------+----------------------+-----
Axes           | 3 4 5 6 7 |  7.5
Fighting       | 4 5 |  5.7
Armour         | 4 5 |  5.2
Shields        | 4 5 |  5.2

Action                     |  1- 3 |  4- 6 |  7- 9 || total
---------------------------+-------+-------+-------++-------
  Melee: War axe           |   119 |   140 |       ||   259
         Flail             |       |     6 |    30 ||    36
  Evoke: Wand              |       |     4 |     5 ||     9
    Use: Potion            |       |       |     1 ||     1
 Armour: Scale mail        |    74 |     8 |       ||    82
         Plate armour      |       |    83 |    28 ||   111
  Dodge: Dodged            |    69 |    44 |    13 ||   126
  Block: Buckler           |    34 |    40 |     9 ||    83

Table legend: (Time is in decaauts)
 A = Elapsed time spent in this place.
 B = Non-inter-level travel time spent in this place.
 C = Inter-level travel time spent in this place.
 D = Time resting spent in this place.
 E = Time spent auto-exploring this place.
 F = Levels seen in this place.
 G = Mean time per level.
                   A        B        C        D        E       F      G
               +--------+--------+--------+--------+--------+-----+--------+
         Total |   3713 |   3551 |    162 |    313 |   2513 |   6 |  618.8 |
       Dungeon |   3567 |   3434 |    133 |    313 |   2409 |   5 |  713.4 |
        Temple |    146 |    117 |     29 |      0 |    104 |   1 |  146.0 |
               +--------+--------+--------+--------+--------+-----+--------+

Top non-repeatable levels by time:
     D:1: 1085 daAuts
     D:3: 896 daAuts
     D:4: 885 daAuts
     D:5: 400 daAuts
     D:2: 299 daAuts
  Temple: 146 daAuts
